 Dungeon Crawl Stone Soup version 0.28.0-45-g0d030f2227 (webtiles) character file.

Game seed: 16800372618147398098

682 issech the Cudgeller (level 7, -1/68 HPs)
             Began as a Troll Monk on Apr 10, 2022.
             Splashed by a jelly's acid (6 damage)
             ... in a sewer.
             The game lasted 00:15:57 (4322 turns).

issech the Cudgeller (Troll Monk)                   Turns: 4322, Time: 00:15:58

Health: -1/68      AC: -3    Str: 20    XL:     7   Next: 34%
Magic:  6/6        EV: 11    Int:  6    God:
Gold:   261        SH:  0    Dex: 14    Spells: 6/6 levels left

rFire   . . .      SeeInvis .   n - +1 whip (venom)
rCold   + . .      Faith    .   (no shield)
rNeg    . . .      Spirit   .   s - +1 robe {rC+}
rPois   .          Reflect  .   (helmet restricted)
rElec   .          Harm     .   (no cloak)
rCorr   .          Rampage  .   (gloves unavailable)
Will    .....                   (boots unavailable)
Stlth   ++........              (no amulet)
HPRegen 1.01/turn               f - ring of wizardry
MPRegen 0.10/turn               (no ring)

@: corroded, very slow
A: large, unfitting armour, claws 3, regeneration 1, shaggy fur 1, tough skin 1
a: no special abilities


You were in a sewer.
You visited 2 branches of the dungeon, and saw 6 of its levels.
You also visited: Sewer.

You collected 261 gold pieces.

Inventory:

Hand Weapons
 a - a +0 mace
 h - a +0 hunting sling
 n - a +1 whip of venom (weapon)
 q - a +0 war axe
 u - a +0 dagger of protection
 y - a +0 dagger of venom
 z - a +1 dagger of protection
 A - a +0 giant club
 C - a +2 hand axe of draining
Missiles
 e - 62 sling bullets
 j - 198 stones (quivered)
 l - 53 arrows
 w - 17 bolts
Armour
 b - a +0 robe
 s - a +1 robe of cold resistance (worn)
Jewellery
 f - a ring of wizardry (left claw)
 E - a +6 ring of strength
Wands
 F - a wand of polymorph (6)
Scrolls
 i - a scroll of silence
 o - 2 scrolls of noise
 x - 3 scrolls of enchant weapon
 B - a scroll of immolation
 G - a scroll of amnesia {unknown}
Potions
 c - a potion of resistance {unknown}
 d - a potion of invisibility {unknown}
 g - a potion of berserk rage {unknown}
 k - 6 potions of curing {unknown}
 m - 3 potions of ambrosia {unknown}
 p - a potion of haste {unknown}
 r - a potion of brilliance {unknown}
 t - a potion of mutation {unknown}
 v - 3 potions of might {unknown}
 D - 2 potions of attraction {unknown}


   Skills:
 + Level 3.7 Fighting
 + Level 3.0(4.1) Axes
 + Level 4.6(5.2) Maces & Flails
 + Level 0.7 Throwing
 + Level 4.0 Dodging
 + Level 1.4 Stealth


You had 6 spell levels left.
You didn't know any spells.
Your spell library contained the following spells:

 Spells                   Type           Power      Damage    Failure   Level
 Corpse Rot               Necr/Air       0%         N/A       28%         2
 Poisonous Vapours        Pois/Air       0%         N/A       28%         2


Dungeon Overview and Level Annotations

Branches:
Dungeon (5/15)             Temple (1/1) D:4           Sewer (1/1)

Altars:
Ashenzari
Cheibriados
Dithmenos
Elyvilon
Gozag
Kikubaaqudgha
Makhleb
Nemelex Xobeh
Okawaru
Qazlal
Ru
Sif Muna
Trog
Uskayaw
Vehumet
Wu Jian
Xom
Yredelemnul
The Shining One

Shops:
D:1 (


Innate Abilities, Weirdness & Mutations

You are too large for most types of armour.
You have claws for hands.
Your natural rate of healing is unusually fast.
You are covered in fur. (AC +1)
You have tough skin. (AC +1)


Message History

The jelly is lightly wounded.
The jelly closely misses you.
You barely miss the jelly.
The jelly is lightly wounded.
The jelly hits you but does no damage.
You hit the jelly.
Your claws burn!
The jelly is moderately wounded.
The jelly hits you but does no damage.
You barely miss the jelly.
The jelly is moderately wounded.
The jelly hits you. The acid corrodes you!
You are splashed with acid.
You hit the jelly but do no damage. The acid corrodes you!
Your claws burn!
The jelly is moderately wounded.
The jelly hits you.
You are splashed with acid!
You hit the jelly.
Your claws burn!
* * * LOW HITPOINT WARNING * * *
The jelly is heavily wounded.
The jelly barely misses you. The jelly hits you.
* * * LOW HITPOINT WARNING * * *
You are splashed with acid.
* * * LOW HITPOINT WARNING * * *
You enter the shallow water.
Moving in this stuff is going to be slow.
You hit the jelly but do no damage.
Your claws burn!
* * * LOW HITPOINT WARNING * * *
The jelly is heavily wounded.
The jelly hits you.
* * * LOW HITPOINT WARNING * * *
You are splashed with acid!
* * * LOW HITPOINT WARNING * * *
You enter the shallow water.
Moving in this stuff is going to be slow.
The jelly misses you.
You hit the jelly but do no damage.
Your claws burn!
* * * LOW HITPOINT WARNING * * *
The jelly is heavily wounded.
The jelly hits you.
* * * LOW HITPOINT WARNING * * *
You are splashed with acid.
You die...

≈.≈≈# #≈.≈# #####
#####≈≈####...##
##.≈≈.#...##...≈≈##
##∩...≈≈.≈≈#.≈†#≈≈≈#
#...##.≈≈.≈.≈≈##..≈#
#..##≈.≈..≈≈≈##≈≈.##
#.≈#!!≈##≈≈..#.≈J##
≈≈≈## ##...≈.##≈@.#
≈≈≈.###≈≈.≈≈.≈##..#
#≈.≈.≈..≈##...≈####
##≈..≈..####.≈≈≈.##
####≈≈##..##.≈..≈#
#≈≈#≈≈≈####≈≈.#
#.≈†≈.## ##≈≈##
##≈≈≈## #≈..# #####
##..#


You could see a jelly.

Vanquished Creatures
  An ogre (D:4)
  A hound (D:5)
  An orc priest (D:5)
  A jelly (D:5)
  Jessica (D:2)
  An orc wizard (D:3)
  Natasha (thrice) (D:3)
  4 iguanas (D:4)
  A killer bee zombie (D:5)
  9 adders
  A gnoll (D:1)
  5 river rats
  A shadow imp (D:5)
  An adder skeleton (D:4)
  2 worms
  4 dart slugs
  13 orcs
  3 bats
  10 endoplasms
  5 giant cockroaches
  6 goblins
  5 hobgoblins
  4 jackals (D:2)
  3 quokkas
  6 ball pythons
  6 frilled lizards
  4 kobolds
  7 rats
109 creatures vanquished.

Notes
Turn   | Place    | Note
-------+----------+-------------------------------------------
     0 | D:1      | issech the Troll Monk began the quest for the Orb.
     0 | D:1      | Reached XP level 1. HP: 22/22 MP: 0/0
    44 | D:1      | Found Itobontalatt's Weapon Emporium.
   223 | D:1      | Found a faded altar of an unknown god.
   269 | D:1      | Reached XP level 2. HP: 29/29 MP: 1/1
   579 | D:2      | Reached XP level 3. HP: 17/36 MP: 2/2
   915 | D:2      | Found an iron altar of Okawaru.
  1118 | D:2      | Noticed Jessica
  1134 | D:2      | Killed Jessica
  1135 | D:2      | Reached XP level 4. HP: 37/44 MP: 3/3
  1375 | D:3      | Noticed Natasha
  1385 | D:3      | Killed Natasha
  1739 | D:3      | Reached skill level 1 in Axes
  1739 | D:3      | Reached XP level 5. HP: 38/53 MP: 4/4
  1993 | D:3      | Noticed a +0 dagger
  1993 | D:3      | Noticed a +0 dagger
  1993 | D:3      | Noticed a +0 short sword
  1993 | D:3      | Noticed a +0 short sword
  1993 | D:3      | Noticed a +0 spear
  1994 | D:3      | Noticed a +0 falchion
  1995 | D:3      | Found a hide-covered altar of Uskayaw.
  1995 | D:3      | Noticed a +0 spear
  1996 | D:3      | Noticed a +0 falchion
  2023 | D:3      | Noticed Natasha
  2037 | D:3      | Killed Natasha
  2061 | D:3      | Noticed Natasha
  2068 | D:3      | Killed Natasha
  2381 | D:4      | Noticed an ogre
  2468 | D:4      | Killed an ogre
  2469 | D:4      | Reached XP level 6. HP: 42/61 MP: 5/5
  2800 | D:4      | Found a staircase to the Ecumenical Temple.
  2931 | Temple   | Entered the Ecumenical Temple
  3694 | D:5      | Entered Level 5 of the Dungeon
  3856 | D:5      | Reached XP level 7. HP: 58/67 MP: 6/6
  4073 | D:5      | Found a glowing drain.
  4079 | Sewer    | Entered a sewer
  4322 | Sewer    | Splashed by a jelly's acid

Illustrated notes

Levels and vault maps discovered:
D:1:      roderic_chinese_lattice_arrival, layout_rooms,
          nicolae_ecumenical_lake_church, serial_shops, nicolae_square_shop
D:2:      layout_loops_ring, basic_altar, kennysheep_big_empty_room,
          uniq_jessica
D:3:      layout_basic, nicolae_uskayaw_en_pointe, uniq_natasha
D:4:      layout_basic, minmay_temple_entry_arrows
D:5:      layout_cave_pools, lightli_sewer_entry_pipes,
          chequers_serial_rivers_micro_d, nrook_uturn
Temple:   mainiacjoe_temple_coin_purse
Sewer:    sewer_hellmonk_slimy_pipes

Skill      XL: |  1  2  3  4  5  6  7 |
---------------+----------------------+-----
Maces & Flails | 3 4 |  4.6
Dodging        | 3 4 |  4.0
Fighting       | 3 |  3.7
Axes           | 1 2 3 |  3.0
Throwing       | |  0.7
Stealth        | |  1.4

Action                   |  1- 3 |  4- 6 |  7- 9 || total
-------------------------+-------+-------+-------++-------
Melee: Mace              |    70 |       |       ||    70
       War axe           |    22 |   128 |       ||   150
       Punch             |     1 |     3 |     2 ||     6
       Giant club        |       |    56 |    15 ||    71
       Whip              |       |       |   101 ||   101
Throw: Stone             |    24 |     1 |       ||    25
  Use: Scroll            |       |     5 |       ||     5
 Stab: Sleeping          |     1 |     2 |       ||     3
Armor: Robe              |    58 |    67 |    67 ||   192
Dodge: Dodged            |    55 |   107 |    99 ||   261
